 Dungeon Crawl Stone Soup version 0.30-a0-613-gdd512c7efb (webtiles) character file.

Game seed: 16652704993949227871

119 acebull12 the Slasher (level 4, -1/41 HPs)
             Began as a Minotaur Monk on Jan 9, 2023.
             Slain by an orc wizard
             ... wielding the +6 falchion "Heax" {protect, rElec}
              (5 damage)
             ... on level 3 of the Dungeon.
             The game lasted 00:04:37 (2382 turns).

acebull12 the Slasher (Minotaur Monk)               Turns: 2382, Time: 00:04:37

Health: -1/41      AC:  6    Str: 17    XL:     4   Next: 73%
Magic:  3/3        EV: 13    Int:  7    God:
Gold:   109        SH:  5    Dex: 13    Spells: 3/3 levels left

rFire   + . .      SeeInvis .    a - +0 falchion
rCold   . . .      Faith    .    (no shield)
rNeg    . . .      Spirit   .    n - +2 robe {rF+}
rPois   .          Reflect  +    (helmet restricted)
rElec   .          Harm     .    (no cloak)
rCorr   .          Rampage  .    u - +1 pair of gloves
Will    .....                    (no boots)
Stlth   ++                       r - amulet of reflection
HPRegen 0.26/turn                (no ring)
MPRegen 0.08/turn                (no ring)

@: no status effects
A: horns 2, retaliatory headbutt
a: no special abilities


You were on level 3 of the Dungeon.
You visited 1 branch of the dungeon, and saw 3 of its levels.

You collected 109 gold pieces.

Inventory:

Hand Weapons
 a - a +0 falchion (weapon)
Missiles
 p - 15 stones (quivered)
Armour
 n - a +2 robe of fire resistance (worn)
 s - a +0 ring mail
 u - a +1 pair of gloves (worn)
Jewellery
 r - an amulet of reflection (around neck)
Wands
 m - a wand of polymorph (6)
Scrolls
 d - 3 scrolls of identify {unknown}
 e - a scroll of poison {unknown}
 f - 2 scrolls of immolation {unknown}
 g - a scroll of magic mapping {unknown}
 h - a scroll of noise {unknown}
 i - a scroll of fog {unknown}
 k - a scroll of blinking {unknown}
 q - a scroll of vulnerability {unknown}
 t - a scroll of fear {unknown}
Potions
 b - a potion of heal wounds {unknown}
 c - a potion of ambrosia
 j - a potion of haste {unknown}
 l - a potion of brilliance {unknown}
 o - a potion of might {unknown}


   Skills:
 * Level 4.5 Fighting
 + Level 4.6 Long Blades
 * Level 1.8 Armour
 + Level 4.0 Dodging
 + Level 2.1 Stealth


You had 3 spell levels left.
You didn't know any spells.
Your spell library contained the following spells:

 Spells                   Type           Power      Damage    Failure   Level
 Animate Armour           Summ/Erth      0%         N/A       99%         4
 Blade Hands              Tmut           0%         N/A       100%        5
 Iron Shot                Conj/Erth      0%         9d1       100%        6


Dungeon Overview and Level Annotations

Branches:
Dungeon (3/15)

Altars:

Annotations:
D:2 1 runed translucent door, Crazy Yiuf


Innate Abilities, Weirdness & Mutations

You have a pair of horns on your head.
You reflexively headbutt those who attack you in melee.


Message History

You completely miss the kobold. Your headbutt misses the kobold.
The kobold barely misses you.
You hit the kobold but do no damage. You headbutt the kobold.
You kill the kobold!
No target in view!
An orc comes into view. It is wielding a +0 dagger.
You hear some strange, mumbled words.
You are confused.
You bump into the rock wall.
You bump into the rock wall.
You bump into the rock wall.
You hear some strange, mumbled words.
A puff of flame appears from out of thin air!
The puff of flame hits something.
You're too confused to move!
You bump into the rock wall.
You feel less confused.
You miss something. You block something's attack.
You hit something but do no damage. Something hits you.
You hit something. Your headbutt misses something.
The orc hits you with a +0 dagger. Something barely misses you.
Something hits you.
You miss something. The orc hits you with a +0 dagger. Something hits you.
Something barely misses you.
You hit something but do no damage. Your headbutt misses something.
The orc completely misses you. Something hits you. x2
The orc closely misses you. You furiously retaliate!
You headbutt the orc!
You kill the orc!
Something hits you.
You hit something. Something hits you.
You barely miss something.
You hear some strange, mumbled words.
A magic dart appears from out of thin air!
The magic dart hits you!
* * * LOW HITPOINT WARNING * * *
You hit something but do no damage. Something barely misses you.
Something hits you.
* * * LOW HITPOINT WARNING * * *
You closely miss something. You headbutt something. Something hits you.
You die...

## #.. .# #.# .# #.# ......
.# #.# ...... ## #.# .....J
# ######.# .... # #......#
..o # #.####.### ##'## #
#.##....@###.).## #
#.##...){##{....## ##
#.#......#.......#
.########.................#
..........................+
)#######.......##.........#
.# #.##.#.####.......##
.### #.#..#.# ##.....##
...# #.#.##.# ##...##


There were no monsters in sight!

Vanquished Creatures
  Jessica (D:2)
  2 adders
  A worm (D:3)
  3 dart slugs (D:1)
  An orc (D:3)
  6 ball pythons
  4 bats
  4 endoplasms
  2 giant cockroaches
  5 goblins
  8 hobgoblins
  6 jackals (D:2)
  7 kobolds
  3 quokkas
  3 frilled lizards
  5 rats
61 creatures vanquished.

Notes
Turn   | Place    | Note
-------+----------+-------------------------------------------
     0 | D:1      | acebull12 the Minotaur Monk began the quest for the Orb.
     0 | D:1      | Reached XP level 1. HP: 19/19 MP: 0/0
   170 | D:1      | You fall into a shaft and drop 1 floor!
   196 | D:1      | Reached XP level 2. HP: 24/27 MP: 1/1
   845 | D:2      | Reached XP level 3. HP: 33/33 MP: 2/2
  1016 | D:2      | Found a runed translucent door.
  1017 | D:2      | Noticed Crazy Yiuf
  1066 | D:2      | Reached skill level 1 in Armour
  1287 | D:2      | Noticed Jessica
  1322 | D:2      | Killed Jessica
  1323 | D:2      | Reached XP level 4. HP: 41/41 MP: 3/3
  2357 | D:3      | Identified the +6 falchion "Heax" {protect, rElec}
  2382 | D:3      | Slain by an orc wizard

Illustrated notes

Levels and vault maps discovered:
D:1:      sevenhm_arrival_forest_fort_small_6, layout_basic
D:2:      layout_basic, minmay_3d_cube, uniq_crazy_yiuf_cottage, uniq_jessica
D:3:      layout_loops_corners, uniq_sigmund

Skill      XL: |  1  2  3  4 |
---------------+-------------+-----
Long Blades    | 4 |  4.6
Fighting       | 4 |  4.5
Armour         | 1 |  1.8
Stealth        | 2 |  2.1
Dodging        | 4 |  4.0

Action                   |  1- 3 |  4- 6 || total
-------------------------+-------+-------++-------
Melee: Falchion          |   110 |    44 ||   154
       Headbutt          |    13 |     9 ||    22
       Punch             |     1 |     1 ||     2
 Stab: Sleeping          |     6 |     2 ||     8
Armor: Robe              |    12 |     6 ||    18
       Skin              |    21 |       ||    21
Dodge: Dodged            |    70 |    19 ||    89
Block: Other             |       |     7 ||     7
       Reflection        |       |     2 ||     2

Table legend: (Time is in decaauts)
 A = Elapsed time spent in this place.
 B = Non-inter-level travel time spent in this place.
 C = Inter-level travel time spent in this place.
 D = Time resting spent in this place.
 E = Time spent auto-exploring this place.
 F = Levels seen in this place.
 G = Mean time per level.
                   A        B        C        D        E       F      G
               +--------+--------+--------+--------+--------+-----+--------+
         Total |   2397 |   2198 |    199 |     24 |   1645 |   3 |  799.0 |
       Dungeon |   2397 |   2198 |    199 |     24 |   1645 |   3 |  799.0 |
               +--------+--------+--------+--------+--------+-----+--------+

Top non-repeatable levels by time:
     D:2: 994 daAuts
     D:1: 824 daAuts
     D:3: 578 daAuts
